 Dungeon Crawl Stone Soup version 0.31-a0-210-gccc998df9b (webtiles) character file.

Game seed: 18425214944412776181

18 qw the Shooter (level 2, -1/24 HPs)
             Began as a Minotaur Hexslinger on June 29, 2023.
             Slain by an adder (3 damage)
             ... on level 2 of the Dungeon.
             The game lasted 00:00:12 (358 turns).

qw the Shooter (Minotaur Hexslinger)                 Turns: 358, Time: 00:00:13

Health: -1/24      AC:  2    Str: 12    XL:     2   Next: 51%
Magic:  2/2        EV: 12    Int: 10    God:
Gold:   131        SH:  0    Dex: 12    Spells: 2/3 levels left

rFire   . . .        a - +1 sling
rCold   . . .        (no shield)
rNeg    . . .        c - +0 robe
rPois   .            (helmet restricted)
rElec   .            (no cloak)
rCorr   .            (no gloves)
SInv    .            (no boots)
Will    .....        (no amulet)
Stlth   +            (no ring)
HPRegen 0.24/turn    (no ring)
MPRegen 0.08/turn

%: no passive effects
@: lethally poisoned (-1 -> -3)
A: horns 2, retaliatory headbutt
a: no special abilities


You were on level 2 of the Dungeon.
You visited 1 branch of the dungeon, and saw 2 of its levels.

You collected 131 gold pieces.


Innate Abilities, Weirdness & Mutations

You have a pair of horns on your head.
You reflexively headbutt those who attack you in melee.


   Skills:
 - Level 2.0 Fighting
 + Level 3.2 Ranged Weapons
 - Level 2.1 Dodging
 - Level 1.0 Spellcasting
 - Level 2.0 Hexes


You had 2 spell levels left.
You knew the following spells:

 Your Spells              Type           Power      Damage    Failure   Level
a - Slow                  Hex            16%        N/A       16%         1

Your spell library contained the following spells:

 Spells                   Type           Power      Damage    Failure   Level
 Inner Flame              Hex/Fire       2%         N/A       56%         3
 Portal Projectile        Hex/Tloc       4%         N/A       56%         3
 Cause Fear               Hex            2%         N/A       83%         4

Inventory:

Hand Weapons
 a - a +1 sling (weapon)
Armour
 c - a +0 robe (worn)
 f - a +0 leather armour
 g - a +0 ring mail
Scrolls
 b - a scroll of poison
 d - a scroll of vulnerability {unknown}
 e - a scroll of amnesia {unknown}
 i - a scroll of enchant armour {unknown}
Potions
 h - 3 potions of curing {unknown}

Dungeon Overview and Level Annotations

Branches:
Dungeon (1/15)

Altars:


Message History

You shoot a sling bullet.
The sling bullet closely misses the bat.
The bat closely misses you. x2
You shoot a sling bullet. The sling bullet barely misses the bat.
The bat hits you but does no damage. The bat hits you.
You shoot a sling bullet. The sling bullet hits the bat.
You kill the bat!
You start resting.
HP restored.
You now have 115 gold pieces (gained 14).
You now have 131 gold pieces (gained 16).
An adder comes into view.
You shoot a sling bullet. The sling bullet hits the adder.
The adder hisses angrily.
The adder is lightly wounded.
You shoot a sling bullet.
The sling bullet barely misses the adder.
You shoot a sling bullet.
The sling bullet barely misses the adder.
You shoot a sling bullet.
The sling bullet completely misses the adder.
The adder bites you. x2
You shoot a sling bullet.
The sling bullet closely misses the adder.
The adder bites you.
You shoot a sling bullet. The sling bullet hits the adder.
The adder is heavily wounded.
The adder bites you.
You are poisoned.
The adder poisons you! The adder bites you.
You shoot a sling bullet. The sling bullet misses the adder.
You feel sick. The adder bites you but does no damage. The adder bites you.
You shoot a sling bullet. The sling bullet hits the adder.
The adder is almost dead.
You feel sick. The adder bites you but does no damage.
You shoot a sling bullet. The sling bullet misses the adder.
You feel sick. The adder misses you. The adder bites you.
You shoot a sling bullet. The sling bullet misses the adder.
You feel sick. The adder bites you.
You die...

.....# .....## ....
###...## .... #...%##
..... #.....# .....
#.....# ......
#.....##########......
#.....%........S.#....
#.............@.......
...###..%...####........
..........#...#..###....
...#####........## ...
... #........## . ..
#.........# #
#...........
#...........


You could see an adder.

Vanquished Creatures
  2 endoplasms
  A goblin (D:1)
  A hobgoblin (D:1)
  2 quokkas (D:1)
  3 ball pythons
  A bat (D:2)
  A frilled lizard (D:1)
  2 kobolds (D:1)
  5 rats
18 creatures vanquished.

Notes
Turn   | Place    | Note
-------+----------+-------------------------------------------
     0 | D:1      | qw the Minotaur Hexslinger began the quest for the Orb.
     0 | D:1      | Reached XP level 1. HP: 16/16 MP: 1/1
     0 | D:1      | 0 ||| qw: Version: 0.3-a-24-ga2abf7b
     0 | D:1      | 0 ||| qw: Game counter: 6929
     0 | D:1      | 0 ||| qw: Melee chars always use a shield: true
     0 | D:1      | 0 ||| qw: God list: Okawaru
     0 | D:1      | 0 ||| qw: Allow faded altars: false
     0 | D:1      | 0 ||| qw: Do Orc after clearing Dungeon:15 true
     0 | D:1      | 0 ||| qw: Do second Lair branch before Depths: true
     0 | D:1      | 0 ||| qw: Lair rune preference: random
     0 | D:1      | 0 ||| qw: Goals: Normal
     0 | D:1      | 0 ||| PLANNING D:1-11
   156 | D:1      | Reached skill level 3 in Ranged Weapons
   161 | D:1      | Reached XP level 2. HP: 23/23 MP: 2/2
   282 | D:1      | You fall into a shaft and drop 1 floor!
   357 | D:2      | HP: 6/24 [poisoned by an adder]
   358 | D:2      | HP: 2/24 [poisoned by an adder]
   358 | D:2      | Slain by an adder

Levels and vault maps discovered:
D:1:      dpeg_arrival_castle, layout_loops_ring
D:2:      layout_rooms, ebering_ecumenical_altar_petrified, uniq_jessica

Skill      XL: |  1  2 |
---------------+-------+-----
Ranged Weapons | 3 |  3.2
Fighting       | 2 |  2.0
Dodging        | |  2.1
Spellcasting   | |  1.0
Hexes          | |  2.0

Action                     || total
---------------------------++-------
   Fire: Sling             ||    50
 Armour: Robe              ||     5
  Dodge: Dodged            ||     5

Table legend:
 A = Non-vault XP
 B = Vault XP
 C = Vault XP percentage of total XP
 D = Non-vault monster count
 E = Vault monster count
 F = Vault count percentage of total count
                 A         B        C        D         E       F
            +---------+---------+-------+---------+---------+-------
      Total |      27 |       0 |   0.0 |      18 |       0 |   0.0
            +---------+---------+-------+---------+---------+-------
        D:1 |      20 |       0 |   0.0 |      13 |       0 |   0.0
        D:2 |       7 |       0 |   0.0 |       5 |       0 |   0.0
            +---------+---------+-------+---------+---------+-------
